TOP OF THE 1ST |
Miami Marlins batting - Pitching for Philadelphia Phillies : LHP Steve Pratt
|
Pitching: LHP Steve Pratt
|
|
Batting: RHB Jeff Garofalo
|
0-0: Ball 1-0: Fly out, F8 (Line Drive, 8LM, EV 96.2 MPH)
|
Batting: RHB Micah Christopher
|
0-0: Called Strike 0-1: Swinging Strike 0-2: Ball 1-2: Fly out, F8 (Flyball, 89D, EV 85.0 MPH)
|
Pitching: RHP Brandon Tuckson
|
|
Batting: LHB Andre Gorter
|
0-0: Called Strike 0-1: Foul Ball, location: 2F 0-2: Ball 1-2: Ball 2-2: Foul Ball, location: 2F 2-2: Ball 3-2: Reached on error, E4 (Groundball, 4, EV 83.1 MPH)
|
Batting: RHB Jimmy Groseclose
|
0-0: Called Strike Andre Gorter steals 2nd base (no throw) 0-1: Foul Ball, location: 2F 0-2: Strikes out swinging
|
Top of the 1st over - 0 runs, 0 hits, 1 error, 1 left on base; Miami 0 - Philadelphia 0 |
BOTTOM OF THE 1ST |
Philadelphia Phillies batting - Pitching for Miami Marlins : RHP Matt Altieri
|
Pitching: RHP Matt Altieri
|
|
Batting: RHB Ji-an Li
|
0-0: Called Strike 0-1: SOLO HOME RUN (Line Drive, 89XD, EV 99.4 MPH), Distance : 407 ft
|
Batting: LHB Nick Canizales
|
0-0: Swinging Strike 0-1: Swinging Strike 0-2: Ball 1-2: TRIPLE (Flyball, 78XD, EV 96.2 MPH)
|
Batting: LHB Eric Katz
|
0-0: Ball 1-0: Ball 2-0: Called Strike 2-1: Ground out 5-3 (Groundball, 56, EV 80.6 MPH) Nick Canizales scores
|
Batting: LHB Alberto Figueroa
|
0-0: Ground out U3 (Groundball, 34S, EV 85.0 MPH)
|
Batting: LHB Ryan Trombley
|
0-0: Called Strike 0-1: Foul Ball, location: 2F 0-2: Strikes out swinging
|
Bottom of the 1st over - 2 runs, 2 hits, 0 errors, 0 left on base; Miami 0 - Philadelphia 2 |
TOP OF THE 2ND |
Miami Marlins batting - Pitching for Philadelphia Phillies : RHP Brandon Tuckson
|
Batting: RHB Justin Huff
|
0-0: Ball 1-0: Foul Ball, location: 2F 1-1: Called Strike 1-2: Strikes out swinging
|
Batting: RHB Roger Salazar
|
0-0: Swinging Strike 0-1: Called Strike 0-2: Ball 1-2: Strikes out swinging
|
Batting: RHB Seth Tramontano
|
0-0: Ball 1-0: Ball 2-0: Foul Ball, location: 2F 2-1: Ball 3-1: SINGLE (Groundball, 4MD, EV 101.2 MPH)
|
Batting: RHB Josh Crenwelge
|
0-0: Called Strike 0-1: Ball 1-1: Ball 2-1: Foul Ball, location: 2F 2-2: SINGLE (Groundball, 4M, EV 110.6 MPH) (infield hit) Seth Tramontano to second
|
Batting: RHB Eric Jordan
|
0-0: Ball 1-0: Ball 2-0: Ball 3-0: Called Strike 3-1: Foul Ball, location: 2F 3-2: Strikes out looking
|
Top of the 2nd over - 0 runs, 2 hits, 0 errors, 2 left on base; Miami 0 - Philadelphia 2 |
BOTTOM OF THE 2ND |
Philadelphia Phillies batting - Pitching for Miami Marlins : RHP Matt Altieri
|
Batting: RHB Raul de la Cruz
|
0-0: Ball 1-0: Called Strike 1-1: Swinging Strike 1-2: Foul Ball, location: 2F 1-2: Ball 2-2: Ball 3-2: Ground out U3 (Groundball, 34, EV 100.6 MPH)
|
Batting: RHB Chef Belew
|
0-0: Swinging Strike 0-1: Ball 1-1: Swinging Strike 1-2: Strikes out swinging
|
Batting: RHB Luis Arce
|
0-0: Ball 1-0: SINGLE (Groundball, 56D, EV 98.8 MPH)
|
Batting: RHB Mitch Boyd
|
0-0: Swinging Strike 0-1: Called Strike 0-2: Ball 1-2: Ball 2-2: Foul Ball, location: 2F 2-2: Strikes out swinging
|
Bottom of the 2nd over - 0 runs, 1 hit, 0 errors, 1 left on base; Miami 0 - Philadelphia 2 |
TOP OF THE 3RD |
Miami Marlins batting - Pitching for Philadelphia Phillies : RHP Brandon Tuckson
|
Batting: RHB Jeff Garofalo
|
0-0: Called Strike 0-1: Swinging Strike 0-2: Ball 1-2: Strikes out looking
|
Batting: RHB Micah Christopher
|
0-0: Called Strike 0-1: SINGLE (Line Drive, 8RM, EV 106.2 MPH)
|
Batting: LHB Andre Gorter
|
0-0: Grounds into double play, U6-3 (Groundball, 4MS, EV 87.5 MPH)
|
Top of the 3rd over - 0 runs, 1 hit, 0 errors, 0 left on base; Miami 0 - Philadelphia 2 |
BOTTOM OF THE 3RD |
Philadelphia Phillies batting - Pitching for Miami Marlins : RHP Matt Altieri
|
Batting: RHB Ji-an Li
|
0-0: Swinging Strike 0-1: Ball 1-1: Foul Ball, location: 2F 1-2: Foul Ball, location: 2F 1-2: Foul Ball, location: 2F 1-2: Strikes out swinging
|
Batting: LHB Nick Canizales
|
0-0: Ball 1-0: Called Strike 1-1: Ball 2-1: Foul Ball, location: 2F 2-2: Strikes out swinging
|
Batting: LHB Eric Katz
|
0-0: Ball 1-0: Called Strike 1-1: Swinging Strike 1-2: Strikes out swinging
|
Bottom of the 3rd over - 0 runs, 0 hits, 0 errors, 0 left on base; Miami 0 - Philadelphia 2 |
TOP OF THE 4TH |
Miami Marlins batting - Pitching for Philadelphia Phillies : RHP Brandon Tuckson
|
Batting: RHB Jimmy Groseclose
|
0-0: Foul Ball, location: 2F 0-1: Ball 1-1: Ground out 2-3 (Groundball, 13S, EV 70.0 MPH)
|
Batting: RHB Justin Huff
|
0-0: Ball 1-0: Ball 2-0: Ball 3-0: Base on Balls
|
Pitching: RHP Victor Barron
|
|
Batting: RHB Roger Salazar
|
0-0: Ball Justin Huff steals 2nd base 1-0: Ball 2-0: Fly out, F7 (Flyball, 7, EV 92.5 MPH)
|
Batting: RHB Seth Tramontano
|
0-0: Called Strike 0-1: Ground out 5-3 (Groundball, 56, EV 88.8 MPH)
|
Top of the 4th over - 0 runs, 0 hits, 0 errors, 1 left on base; Miami 0 - Philadelphia 2 |
BOTTOM OF THE 4TH |
Philadelphia Phillies batting - Pitching for Miami Marlins : RHP Matt Altieri
|
Batting: LHB Alberto Figueroa
|
0-0: Foul Ball, location: 2F 0-1: Swinging Strike 0-2: Ball 1-2: Foul Ball, location: 2F 1-2: Foul Ball, location: 2F 1-2: Ground out 5-3 (Groundball, 5, EV 86.2 MPH)
|
Batting: LHB Ryan Trombley
|
0-0: Called Strike 0-1: Ball 1-1: Ground out 6-3 (Groundball, 6MS, EV 87.5 MPH)
|
Batting: RHB Raul de la Cruz
|
0-0: Ball 1-0: Ball 2-0: Swinging Strike 2-1: Ground out 6-3 (Groundball, 56D, EV 88.1 MPH)
|
Bottom of the 4th over - 0 runs, 0 hits, 0 errors, 0 left on base; Miami 0 - Philadelphia 2 |
TOP OF THE 5TH |
Miami Marlins batting - Pitching for Philadelphia Phillies : RHP Victor Barron
|
Batting: RHB Josh Crenwelge
|
0-0: Ball 1-0: Swinging Strike 1-1: Fly out, F9 (Flyball, 9, EV 81.9 MPH)
|
Batting: RHB Eric Jordan
|
0-0: Swinging Strike 0-1: Called Strike 0-2: Strikes out swinging
|
Batting: RHB Jeff Garofalo
|
0-0: Called Strike 0-1: Ground out 4-3 (Groundball, 4S, EV 83.8 MPH)
|
Top of the 5th over - 0 runs, 0 hits, 0 errors, 0 left on base; Miami 0 - Philadelphia 2 |
BOTTOM OF THE 5TH |
Philadelphia Phillies batting - Pitching for Miami Marlins : RHP Matt Altieri
|
Batting: RHB Chef Belew
|
0-0: Called Strike 0-1: Ball 1-1: Ball 2-1: Ball 3-1: SINGLE (Line Drive, 4MD, EV 107.5 MPH)
|
Batting: RHB Luis Arce
|
0-0: Foul Ball, location: 2F 0-1: Ball 1-1: Ball 2-1: Swinging Strike 2-2: Strikes out swinging
|
Batting: RHB Mitch Boyd
|
0-0: Called Strike 0-1: Ball 1-1: Ball 2-1: Fly out, F9 (Flyball, 9D, EV 104.4 MPH)
|
Batting: RHB Ji-an Li
|
0-0: Foul Ball, location: 2F 0-1: Ball 1-1: Ball 2-1: Ball 3-1: Called Strike 3-2: Foul Ball, location: 2F 3-2: Ground out U3 (Groundball, 3L, EV 79.4 MPH)
|
Bottom of the 5th over - 0 runs, 1 hit, 0 errors, 1 left on base; Miami 0 - Philadelphia 2 |
TOP OF THE 6TH |
Miami Marlins batting - Pitching for Philadelphia Phillies : RHP Victor Barron
|
Batting: RHB Micah Christopher
|
0-0: Ball 1-0: Called Strike 1-1: Foul Ball, location: 2F 1-2: SINGLE (Line Drive, 34D, EV 98.8 MPH)
|
Batting: LHB Andre Gorter
|
0-0: Called Strike 0-1: Ball 1-1: Foul Ball, location: 2F 1-2: Fielders Choice at 2nd, 4-6 (Groundball, 4, EV 88.1 MPH)
|
Batting: RHB Jimmy Groseclose
|
0-0: Called Strike Andre Gorter steals 2nd base 0-1: Called Strike Andre Gorter steals 3rd base 0-2: Fly out, F7 (Flyball, 7D, EV 84.4 MPH) Runner from 3rd tags up, SCORES, no throw by LF
|
Batting: RHB Justin Huff
|
0-0: TRIPLE (Flyball, 78XD, EV 114.4 MPH)
|
Batting: RHB Roger Salazar
|
0-0: Ball 1-0: Swinging Strike 1-1: Ball 2-1: Foul Ball, location: 2F 2-2: Foul Ball, location: 2F 2-2: Ground out U3 (Groundball, 34, EV 110.6 MPH)
|
Top of the 6th over - 1 run, 2 hits, 0 errors, 1 left on base; Miami 1 - Philadelphia 2 |
BOTTOM OF THE 6TH |
Philadelphia Phillies batting - Pitching for Miami Marlins : RHP Matt Altieri
|
Batting: LHB Nick Canizales
|
0-0: Ball 1-0: Ball 2-0: Foul Ball, location: 2F 2-1: Swinging Strike 2-2: Ground out 4-3 (Groundball, 4, EV 100.0 MPH)
|
Batting: LHB Eric Katz
|
0-0: Called Strike 0-1: Ball 1-1: Ball 2-1: Ground out 5-3 (Groundball, 5, EV 81.2 MPH)
|
Batting: LHB Alberto Figueroa
|
0-0: Called Strike 0-1: Swinging Strike 0-2: Ball 1-2: Foul Ball, location: 2F 1-2: Ball 2-2: Foul Ball, location: 2F 2-2: Ball 3-2: Strikes out swinging
|
Bottom of the 6th over - 0 runs, 0 hits, 0 errors, 0 left on base; Miami 1 - Philadelphia 2 |
TOP OF THE 7TH |
Miami Marlins batting - Pitching for Philadelphia Phillies : RHP Victor Barron
|
Pitching: RHP Julian Bush
|
|
Batting: RHB Seth Tramontano
|
0-0: Ball 1-0: Called Strike 1-1: Foul Ball, location: 2F 1-2: Strikes out swinging
|
Batting: RHB Josh Crenwelge
|
0-0: Ball 1-0: Ball 2-0: Called Strike 2-1: Ball 3-1: Base on Balls
|
Batting: RHB Eric Jordan
|
0-0: Fielders Choice at 2nd, 2-4 (Groundball, 15S, EV 66.2 MPH)
|
Batting: RHB Jeff Garofalo
|
0-0: Fly out, F9 (Flyball, 9S, EV 96.2 MPH)
|
Top of the 7th over - 0 runs, 0 hits, 0 errors, 1 left on base; Miami 1 - Philadelphia 2 |
BOTTOM OF THE 7TH |
Philadelphia Phillies batting - Pitching for Miami Marlins : RHP Matt Altieri
|
Batting: LHB Ryan Trombley
|
0-0: Ball 1-0: Foul Ball, location: 2F 1-1: Fly out, F9 (Flyball, 89M, EV 78.8 MPH)
|
Batting: RHB Raul de la Cruz
|
0-0: Ball 1-0: Ball 2-0: Ball 3-0: Called Strike 3-1: Fly out, F8 (Flyball, 8RXD, EV 102.5 MPH)
|
Batting: RHB Chef Belew
|
0-0: Ball 1-0: Ball 2-0: Ball 3-0: Called Strike 3-1: Base on Balls
|
Batting: RHB Luis Arce
|
0-0: Called Strike 0-1: Ball 1-1: Foul Ball, location: 2F 1-2: Ball 2-2: Ball 3-2: Strikes out swinging
|
Bottom of the 7th over - 0 runs, 0 hits, 0 errors, 1 left on base; Miami 1 - Philadelphia 2 |
TOP OF THE 8TH |
Miami Marlins batting - Pitching for Philadelphia Phillies : RHP Julian Bush
|
Batting: RHB Micah Christopher
|
0-0: Called Strike 0-1: Foul Ball, location: 2F 0-2: Ball 1-2: Strikes out looking
|
Batting: LHB Andre Gorter
|
0-0: Ball 1-0: SOLO HOME RUN (Flyball, 8LXD, EV 101.9 MPH), Distance : 405 ft
|
Batting: RHB Jimmy Groseclose
|
0-0: Ball 1-0: Foul Ball, location: 2F 1-1: Foul Ball, location: 2F 1-2: Ball 2-2: Strikes out swinging
|
Batting: RHB Justin Huff
|
0-0: Swinging Strike 0-1: Ground out 6-3 (Groundball, 6D, EV 105.0 MPH)
|
Top of the 8th over - 1 run, 1 hit, 0 errors, 0 left on base; Miami 2 - Philadelphia 2 |
BOTTOM OF THE 8TH |
Philadelphia Phillies batting - Pitching for Miami Marlins : RHP Matt Altieri
|
Pitching: RHP Ian Newman
|
|
Pinch Hitting: LHB Jeff Luvisi
|
0-0: Foul Ball, location: 2F 0-1: Ball 1-1: Ball 2-1: Ball 3-1: Foul Ball, location: 2F 3-2: Foul Ball, location: 2F 3-2: Base on Balls
|
Batting: RHB Ji-an Li
|
0-0: Ball Jeff Luvisi steals 2nd base 1-0: Swinging Strike 1-1: Ball 2-1: DOUBLE (Line Drive, 9LD, EV 110.0 MPH) Jeff Luvisi scores
|
Batting: LHB Nick Canizales
|
0-0: Called Strike 0-1: DOUBLE (Groundball, 3L, EV 97.5 MPH) Ji-an Li scores
|
Batting: LHB Eric Katz
|
0-0: Foul Ball, location: 2F 0-1: Foul Ball, location: 2F 0-2: Strikes out looking
|
Batting: LHB Alberto Figueroa
|
0-0: Ball 1-0: Ball 2-0: Ground out 4-3 (Groundball, 4, EV 92.5 MPH) Nick Canizales to third
|
Batting: LHB Ryan Trombley
|
0-0: Fly out, F9 (Flyball, 9, EV 89.4 MPH)
|
Bottom of the 8th over - 2 runs, 2 hits, 0 errors, 1 left on base; Miami 2 - Philadelphia 4 |
TOP OF THE 9TH |
Miami Marlins batting - Pitching for Philadelphia Phillies : RHP Julian Bush
|
Pitching: RHP Rico Romero
|
|
Now at SS: Patrick Kimmel
|
|
Batting: RHB Roger Salazar
|
0-0: Ball 1-0: Foul Ball, location: 2F 1-1: Swinging Strike 1-2: Strikes out swinging
|
Batting: RHB Seth Tramontano
|
0-0: Ball 1-0: DOUBLE (Flyball, 78D, EV 113.1 MPH)
|
Batting: RHB Josh Crenwelge
|
0-0: Ball 1-0: Ball 2-0: Fly out, F9 (Flyball, 89D, EV 91.9 MPH) Runner from 2nd tags up, SAFE at 3rd, no throw by RF
|
Pinch Hitting: LHB Juan Solorzano
|
0-0: SINGLE (Groundball, 6MD, EV 101.9 MPH) Seth Tramontano scores
|
Batting: RHB Jeff Garofalo
|
0-0: Ball 1-0: Fly out, F4 (Popup, 4D, EV 56.9 MPH)
|
Top of the 9th over - 1 run, 2 hits, 0 errors, 1 left on base; Miami 3 - Philadelphia 4 |
|